AoeStats
← Fenix

Arena

510196128Analyzed
4v4 RM · 3d ago on Sep 29, 2026· 42m 36s· 8 players
Game mode
Random Map
Map size
Large (8 player)
Population
200
Speed
Normal
Resources
Standard
Victory
Conquest
Starting age
Dark Age
Ending age
Imperial Age
RankedLock teamsTeams togetherTeam positionsShared explorationLock speedFull tech treeHidden civsTurbo modeCheats
Victory
Defeat
🇵🇪 Teutons · Peru
1346
+13
🇵🇪 Mongols · Peru
1339
+14
🇺🇸 Bohemians · United States
1296
+15
🇦🇷 Vietnamese · Argentina
1280
+16
🇨🇴 Italians · Colombia
1336
-16
🇵🇹 Tupi · Portugal
1308
-16
🇸🇰 Khmer · Slovakia
1300
-15
🇵🇹 Romans · Portugal
1192
-11
eze
11:27 Feudal Age
15:02 Castle Age
12:55 Loom
13:18 Double-Bit Axe
14:25 Horse Collar
14:41 Gold Mining
14:48 Town Watch
24:30 Heavy Plow
25:29 Wheelbarrow
27:05 Fletching
27:40 Bodkin Arrow
35:17 Imperial Age
33:19 Thumb Ring
33:31 Masonry
33:40 Stone Mining
33:53 Padded Archer Armor
35:05 Leather Archer Armor
35:27 Bloodlines
35:17 Husbandry
36:22 Ballistics
36:37 Bow Saw
37:46 Chemistry
36:42 Heavy Cavalry Archer
39:05 Capped Ram
41:33 Two-Man Saw
41:10 Hand Cart
42:37 Paper Money
43:01 Bracer
Fenix
10:15 Feudal Age
14:25 Castle Age
12:46 Double-Bit Axe
13:10 Horse Collar
16:00 Bow Saw
15:51 Heavy Plow
16:59 Loom
24:07 Town Watch
24:59 Wheelbarrow
30:08 Imperial Age
28:33 Fletching
30:05 Gold Mining
30:42 Murder Holes
30:44 Bodkin Arrow
31:52 Chemistry
30:15 Onager
32:11 Conscription
31:52 Bracer
32:44 Drill
32:20 Siege Onager
32:32 Light Cavalry
33:22 Bloodlines
33:30 Bloodlines
34:10 Scale Barding Armor
34:25 Husbandry
35:32 Chain Barding Armor
35:48 Siege Engineers
36:45 Forging
36:45 Hussar
40:00 Iron Casting
39:14 Elite Steppe Lancer
40:18 Masonry
42:53 Blast Furnace
41:55 Nomads
Anakin
6:22 Loom
8:56 Feudal Age
11:06 Fletching
16:47 Double-Bit Axe
17:02 Horse Collar
26:52 Castle Age
26:28 Scale Mail Armor
26:39 Forging
27:31 Pikeman
28:49 Squires
32:39 Imperial Age
32:33 Chain Mail Armor
33:59 Bodkin Arrow
35:34 Iron Casting
36:32 Plate Mail Armor
38:32 Blast Furnace
38:13 Squires
39:17 Wheelbarrow
38:09 Halberdier
39:16 Gold Mining
40:02 Arson
40:14 Town Watch
42:59 Hand Cart
bailey
5:03 Loom
10:48 Feudal Age
14:40 Castle Age
12:55 Double-Bit Axe
13:11 Horse Collar
15:40 Bow Saw
15:46 Heavy Plow
21:01 Wheelbarrow
21:57 Hand Cart
23:18 Fervor
27:27 Imperial Age
25:38 Padded Archer Armor
27:21 Chemistry
26:22 Pikeman
27:02 Squires
26:57 Elite Skirmisher
29:10 Two-Man Saw
30:00 Fletching
30:25 Leather Archer Armor
29:57 Loom
29:59 Town Watch
31:06 Conscription
30:58 Scale Mail Armor
31:43 Houfnice
33:47 Sanctity
34:09 Wagenburg Tactics
34:38 Siege Engineers
35:24 Chain Mail Armor
35:39 Ring Archer Armor
36:47 Plate Mail Armor
36:28 Forging
38:19 Bodkin Arrow
39:03 Iron Casting
41:10 Ballistics
41:01 Masonry
juan quevedo
9:52 Loom
11:37 Feudal Age
17:18 Fletching
23:50 Castle Age
35:01 Imperial Age
32:52 Bodkin Arrow
34:42 Ballistics
38:45 Chemistry
ajja13849
9:35 Feudal Age
12:58 Castle Age
11:16 Stone Mining
13:04 Loom
13:11 Double-Bit Axe
22:29 Wheelbarrow
22:42 Gold Mining
25:28 Horse Collar
26:12 Fletching
27:14 Hand Cart
31:49 Imperial Age
29:39 Heavy Plow
29:55 Bow Saw
30:48 Bodkin Arrow
31:14 Padded Archer Armor
32:14 Ballistics
32:13 Husbandry
32:56 Conscription
33:40 Chemistry
34:26 Double Crossbow
35:32 Stone Shaft Mining
37:43 Hoardings
KRATOS | GOD OF WAR
4:30 Loom
10:28 Feudal Age
15:22 Castle Age
13:36 Double-Bit Axe
17:40 Horse Collar
18:42 Bow Saw
19:40 Heavy Plow
20:00 Gold Mining
23:08 Wheelbarrow
24:08 Gold Shaft Mining
25:35 Stone Mining
29:29 Imperial Age
26:46 Pikeman
27:45 Man-at-Arms
28:26 Squires
28:19 Fletching
28:32 Scale Mail Armor
28:42 Forging
29:14 Long Swordsman
30:11 Chain Mail Armor
29:33 Capped Ram
29:39 Halberdier
33:14 Iron Casting
32:41 Heavy Scorpion
35:12 Siege Ram
36:01 Legionary
37:17 Hand Cart
37:31 Onager
38:55 Legionary
41:52 Blast Furnace
BARAKA wins!
12:46 Feudal Age
16:46 Castle Age
15:13 Double-Bit Axe
15:09 Horse Collar
15:23 Gold Mining
18:59 Bow Saw
21:42 Scale Mail Armor
21:54 Forging
21:57 Loom
22:40 Chain Mail Armor
25:23 Iron Casting
24:53 Squires
24:38 Arson
24:40 Pikeman
27:30 Wheelbarrow
33:06 Hand Cart
38:47 Imperial Age
35:46 Champi Runner
37:04 Fletching
37:00 Champi Warrior
Connection lost

Rejoining the realm…

Still unreachable

The connection could not be restored.

Session expired

The server has moved on; the page needs a fresh start.